 Dungeon Crawl Stone Soup version 0.29-a0-821-g66395355a5 (webtiles) character file.

Game seed: 12332933407955439205

42 zeratav the Stinger (level 3, -3/21 HPs)
             Began as an Octopode Venom Mage on July 8, 2022.
             Killed by divine providence
             ... invoked by an orc priest
              (13 damage)
             ... on level 3 of the Dungeon.
             The game lasted 00:03:06 (2473 turns).

zeratav the Stinger (Octopode Venom Mage)           Turns: 2473, Time: 00:03:07

Health: -3/21      AC:  1    Str:  7    XL:     3   Next: 56%
Magic:  2/6        EV: 13    Int: 19    God:
Gold:   88         SH:  0    Dex: 12    Spells: 3/6 levels left

rFire   . . .      SeeInvis .   g - +0 hand axe {axe}
rCold   . . .      Faith    .   (no shield)
rNeg    . . .      Spirit   .   (helmet restricted)
rPois   .          Reflect  .   (no amulet)
rElec   .          Harm     .   (no ring)
rCorr   .          Rampage  .   (no ring)
Will    .....                   (no ring)
Stlth   +++.......              (no ring)
HPRegen 0.07/turn               (no ring)
MPRegen 0.10/turn               (no ring)
                                (no ring)
                                (no ring)

@: no status effects
A: almost no armour, amphibious, 8 rings, camouflage 1, gelatinous body 1,
(nimble swimmer 1), tentacles
a: no special abilities


You were on level 3 of the Dungeon.
You visited 1 branch of the dungeon, and saw 3 of its levels.

You collected 132 gold pieces.
You spent 44 gold pieces at shops.


Innate Abilities, Weirdness & Mutations

You cannot wear most types of armour.
You are amphibious.
You can wear up to eight rings at the same time.
Your skin changes colour to match your surroundings (Stealth+).
Your rubbery body absorbs attacks. (AC +1, EV +1)
((You are camouflaged when in or above water. (Stealth+)))
You have tentacles for arms and can constrict up to eight enemies at once.


   Skills:
 - Level 2.0 Dodging
 - Level 2.6 Stealth
 - Level 2.0 Spellcasting
 - Level 1.0 Transmutations
 + Level 5.4 Poison Magic


You had 3 spell levels left.
You knew the following spells:

 Your Spells              Type           Power      Damage    Failure   Level
a - Sting                 Tmut/Pois      56%        1d5       4%          1
b - Poisonous Vapours     Pois/Air       24%        N/A       9%          2

Your spell library contained the following spells:

 Spells                   Type           Power      Damage    Failure   Level
 Freeze                   Ice            4%         1d3       17%         1
 Slow                     Hex            4%         N/A       17%         1
 Mephitic Cloud           Conj/Pois/Air  8%         N/A       24%         3
 Confusing Touch          Hex            1%         N/A       45%         3
 Frozen Ramparts          Ice            2%         1d2       45%         3
 Vampiric Draining        Necr           1%         2d6       45%         3
 Olgreb's Toxic Radiance  Pois           22%        N/A       19%         4
 Hailstorm                Conj/Ice       1%         3d3       86%         4

Inventory:

Hand Weapons
 g - a +0 hand axe (weapon) {axe}
   (You found it on level 1 of the Dungeon)
Scrolls
 b - a scroll of teleportation {@r4}
 c - a scroll of blinking {unknown}
 f - a scroll of brand weapon
 i - a scroll of amnesia
 j - a scroll of fear
 l - a scroll of fog
Potions
 a - 2 potions of magic
 d - a potion of heal wounds {unknown}
 e - a potion of might {unknown}
 h - 2 potions of curing {unknown}
 k - a potion of haste {unknown}
 m - a potion of invisibility {unknown}

Dungeon Overview and Level Annotations

Branches:
Dungeon (3/15) Zot: 15521

Altars:

Shops:
D:2

? .# ..≈P
#.##.P.≈≈≈≈P≈#
##.#...P≈≈≈≈≈.. ##
#....≈≈≈≈≈≈≈... .#
#...≈≈≈≈≈≈≈....#.#
#..P..≈≈≈≈.≈..#..
#...≈≈≈≈≈≈P..##.#
#@.P≈≈≈≈≈P≈..##.##
##..P≈≈≈≈≈.≈.......
#.(..≈≈≈≈≈≈........
#....≈≈≈≈P≈........
#..≈≈≈≈≈.≈≈.....<..
#...P≈≈≈o≈.........
#...≈≈≈≈≈..........
#..≈o≈≈≈≈..........
#...≈≈≈P≈........##


You could see an orc priest and an orc.


Message History

You hit the plant. The endoplasm freezes you.
You are frozen.
The endoplasm barely misses you.
HP[-4]
You take 4 damage, and now have 16/21 hp.
You hit the endoplasm.
You kill the endoplasm!
You hit the plant.
HP[+1] MP[+1] No target in view!
A nearby plant withers and dies.
A ball python comes into view.
The ball python hisses angrily.
You see here a sedimented red potion.
HP[+4] MP[+1]
Your hp is fully restored (21).
Your mp is fully restored (6).
A ball python is nearby!
Unknown command.
A ball python is nearby!
e - a sedimented red potion
Casting: Poisonous Vapours (safe; 9% risk of failure)
Confirm with . or Enter, or press ? or * to list all spells.
Aiming: Poisonous Vapours (safe; 9% risk of failure)
Press: ? - help, Dir - move target, f - ball python
Aim: a ball python (water) Poisonous vapours surround the ball python!
The ball python is poisoned.
MP[-2]
You lost 2 mp, and now have 4/6 mp.
You hit the ball python.
You kill the ball python!
A bat comes into view.
Casting: Poisonous Vapours (safe; 9% risk of failure)
Confirm with . or Enter, or press ? or * to list all spells.
Aiming: Poisonous Vapours (safe; 9% risk of failure)
Press: ? - help, Dir - move target, f - bat
Aim: a bat (water) Poisonous vapours surround the bat!
The bat is poisoned.
MP[-2]
You lost 2 mp, and now have 2/6 mp.
The bat hits you.
HP[-1]
You take 1 damage, and now have 20/21 hp.
You barely miss the bat. Your grab misses the bat.
The bat barely misses you. x2
The bat misses you. The bat hits you but does no damage.
You hit the bat but do no damage. Your grab misses the bat.
Your squeeze misses the bat. The bat hits you.
HP[-1] MP[+1]
You take 1 damage, and now have 19/21 hp.
The bat barely misses you. The bat closely misses you.
You hit the bat but do no damage. You grab the bat. You constrict the bat.
You kill the bat!
No target in view!
An orc comes into view. It is wielding a +0 club.
HP[+2] MP[+3]
Your hp is fully restored (21).
Your mp is fully restored (6).
Casting: Poisonous Vapours (safe; 9% risk of failure)
Confirm with . or Enter, or press ? or * to list all spells.
Aiming: Poisonous Vapours (safe; 9% risk of failure)
Press: ? - help, Dir - move target, f - orc
Aim: an orc, wielding a +0 club and wearing a +0 ring mail (asleep) Poisonous vapours surround the orc!
The orc is poisoned.
The orc shouts!
You hear a shout!
An orc priest comes into view. It is wielding a +0 trident.
MP[-2]
You lost 2 mp, and now have 4/6 mp.
Casting: Poisonous Vapours (safe; 9% risk of failure)
Confirm with . or Enter, or press ? or * to list all spells.
Aiming: Poisonous Vapours (safe; 9% risk of failure)
Press: ? - help, Dir - move target, f/p - orc
Aim: an orc, wielding a +0 club and wearing a +0 ring mail (poisoned) Poisonous vapours surround the orc!
The orc looks even sicker.
MP[-2]
You lost 2 mp, and now have 2/6 mp.
Casting: Poisonous Vapours (safe; 9% risk of failure)
Confirm with . or Enter, or press ? or * to list all spells.
Aiming: Poisonous Vapours (safe; 9% risk of failure)
Press: ? - help, Dir - move target, f - orc priest, p - orc
Aim: an orc priest, wielding a +0 trident Poisonous vapours surround the orc priest!
The orc priest is poisoned.
MP[-2]
You lost 2 mp, and now have 0/6 mp.
The orc priest begins to cast a cantrip, but forgets the words!
The orc priest invokes the aid of Beogh against you.
Beogh smites you!
Ouch! That really hurt!
* * * LOW HITPOINT WARNING * * *
HP[-12] MP[+1]
You take 12 damage, and now have 9/21 hp.
MASSIVE DAMAGE!! (PAUSE) HP[+1]
The orc looks more healthy.
The orc priest calls upon Beogh to heal the orc.
The orc's wounds heal themselves!
MP[+1]
The orc priest mumbles some strange prayers to Beogh against you.
Beogh smites you!
Ouch! That really hurt!
You die...

Skill      XL: |  1  2  3 |
---------------+----------+-----
Poison Magic   | 4 5 |  5.4
Dodging        | |  2.0
Stealth        | |  2.6
Spellcasting   | |  2.0
Transmutations | |  1.0

Action                   || total
-------------------------++-------
Melee: Unarmed           ||     6
       Constrict         ||     7
       Tentacles         ||     5
       Hand axe          ||    19
       Punch             ||     2
 Cast: Sting             ||    46
       Poisonous Vapours ||    14
  Use: Scroll            ||     7
 Stab: Sleeping          ||     1
Armor: Skin              ||     3
Dodge: Dodged            ||    23

Levels and vault maps discovered:
D:1:      lightli_arrival_maybe_door_vault, layout_basic, serial_aquarium,
          aquarium_bridge_square [aquarium_subvault_balcony,
          aquarium_subvault_bridge, aquarium_subvault_bridge,
          aquarium_subvault_balcony], aquarium_bridge_island_large
          [aquarium_subvault_large_1_pool, aquarium_subvault_bridge,
          aquarium_subvault_balcony, aquarium_subvault_window,
          aquarium_subvault_bridge], aquarium_window_2, aquarium_window_2,
          aquarium_window_fake, aquarium_view_2e, aquarium_balcony_3a,
          aquarium_pool_split, dreamdust_wishing_well, hangedman_decor_points,
          hangedman_abyss_or_decor_lesser_grid, kennysheep_pointless_box
D:2:      layout_basic, serial_shops, shop, kennysheep_flooded_box
D:3:      layout_rooms, shapermc_ecumenical_altar_totnotflames,
          chequers_big_river

Notes
Turn   | Place    | Note
-------+----------+-------------------------------------------
     0 | D:1      | zeratav the Octopode Venom Mage began the quest for the
                  | Orb.
     0 | D:1      | Reached XP level 1. HP: 11/11 MP: 3/3
     0 | D:1      | magus.rc [v1.9.6]
   123 | D:1      | Reached skill level 4 in Poison Magic
   209 | D:1      | Reached XP level 2. HP: 17/17 MP: 3/5
   868 | D:1      | You pick up a book of Debilitation and begin reading...
   868 | D:1      | You add the spells Slow, Vampiric Draining and Confusing
                  | Touch to your library.
  1244 | D:2      | Learned a level 2 spell: Poisonous Vapours
  1293 | D:2      | Reached XP level 3. HP: 21/21 MP: 3/6
  1343 | D:2      | Reached skill level 5 in Poison Magic
  1597 | D:2      | You pick up a book of Frost and begin reading...
  1597 | D:2      | You add the spells Freeze, Frozen Ramparts and Hailstorm to
                  | your library.
  1615 | D:2      | Found Sipreno's Magic Scroll Boutique.
  1621 | D:2      | Bought a scroll of identify for 22 gold pieces
  1621 | D:2      | Bought a scroll of identify for 22 gold pieces
  2473 | D:3      | Killed from afar by an orc priest

Vanquished Creatures
  A worm (D:2)
  A dart slug (D:1)
  3 bats
  3 endoplasms
  3 giant cockroaches (D:1)
  4 hobgoblins
  3 jackals (D:1)
  3 quokkas
  5 ball pythons
  2 frilled lizards
  A goblin (D:2)
  2 kobolds (D:2)
  3 rats
34 creatures vanquished.

Vanquished Creatures (others)
  3 plants (D:3)
3 creatures vanquished.

Grand Total: 37 creatures vanquished

Table legend:
 A = Non-vault XP
 B = Vault XP
 C = Vault XP percentage of total XP
 D = Non-vault monster count
 E = Vault monster count
 F = Vault count percentage of total count
                 A         B        C        D         E       F
            +---------+---------+-------+---------+---------+-------
      Total |      61 |       0 |   0.0 |      34 |       0 |   0.0
            +---------+---------+-------+---------+---------+-------
        D:1 |      30 |       0 |   0.0 |      16 |       0 |   0.0
        D:2 |      25 |       0 |   0.0 |      14 |       0 |   0.0
        D:3 |       6 |       0 |   0.0 |       4 |       0 |   0.0
            +---------+---------+-------+---------+---------+-------

Illustrated notes

Table legend:
 A = Kills in this place as a percentage of kills in entire the game.
 B = Kills by you in this place as a percentage of kills by you in the entire game.
 C = Kills by friends in this place as a percentage of kills by friends in the entire game.
 D = Other kills in this place as a percentage of other kills in the entire game.
 E = Experience gained in this place as a percentage of experience gained in the entire game.
 F = Experience gained in this place divided by the number of levels of this place that you have seen.
                   A       B       C       D       E      F
               +-------+-------+-------+-------+-------+----------------------
         Total | 100.0 | 100.0 |   N/A |   N/A | 100.0 |  20.3
       Dungeon | 100.0 | 100.0 |   N/A |   N/A | 100.0 |  20.3
               +-------+-------+-------+-------+-------+----------------------

Table legend: (Time is in decaauts)
 A = Elapsed time spent in this place.
 B = Non-inter-level travel time spent in this place.
 C = Inter-level travel time spent in this place.
 D = Time resting spent in this place.
 E = Time spent auto-exploring this place.
 F = Levels seen in this place.
 G = Mean time per level.
                   A        B        C        D        E       F      G
               +--------+--------+--------+--------+--------+-----+--------+
         Total |   2477 |   2355 |    122 |     47 |   2033 |   3 |  825.7 |
       Dungeon |   2477 |   2355 |    122 |     47 |   2033 |   3 |  825.7 |
               +--------+--------+--------+--------+--------+-----+--------+

Top non-repeatable levels by time:
     D:1: 1238 daAuts
     D:2: 1080 daAuts
     D:3: 158 daAuts
